 Dungeon Crawl Stone Soup version 0.22-a0-419-g492bfec (webtiles) character file.

6068 4thArraOfDagon the Fighter (level 10, -20/101 HPs)
             Began as a Demigod Warper on May 15, 2018.
             Demolished by a guardian serpent (22 damage)
             ... on level 2 of the Abyss.
             The game lasted 00:29:49 (8235 turns).

4thArraOfDagon the Fighter (Demigod Warper)         Turns: 8235, Time: 00:29:50

Health: -20/101    AC:  9    Str: 21      XL:     10   Next: 32%
Magic:  16/16      EV: 14    Int: 21      God:
Gold:   555        SH:  0    Dex: 14 (15) Spells: 11/13 levels left

rFire    . . .     SeeInvis .   i - +2 flail (protect)
rCold    + . .     Gourm    +   (no shield)
rNeg     . . .     Faith    .   q - +0 ring mail
rPois    .         Spirit   .   (no helmet)
rElec    .         Reflect  .   G - +0 cloak
rCorr    .         Harm     .   K - +2 pair of gloves
MR       +....     Clarity  +   (no boots)
Stlth    +.........             A - amulet of the gourmand
HPRegen  0.26/turn              y - +3 ring of evasion
MPRegen  0.15/turn              D - ring of protection from cold

@: mighty, lethally poisoned (-20 -> -32)
A: talons 1, clarity, dopey 1, high mp 1, sense surroundings 1, strong 1,
evolution 1, subdued magic 1
a: no special abilities


You were on level 2 of the Abyss.
You were very full.

You visited 2 branches of the dungeon, and saw 11 of its levels.
You visited the Abyss 1 time.

You collected 555 gold pieces.

Inventory:

Hand Weapons
 a - a +0 mace
 i - a +2 flail of protection (weapon)
 r - a +0 flail
 s - a +2 mace of holy wrath
Missiles
 e - 5 tomahawks of dispersal (quivered)
 h - 4 tomahawks
 m - a throwing net
 J - 11 curare-tipped needles
Armour
 b - a +0 leather armour
 q - a +0 ring mail (worn)
 G - a +0 cloak (worn)
 K - a +2 pair of gloves (worn)
Magical Staves
 k - an uncursed staff of wizardry {!a}
 C - an uncursed staff of summoning {unknown}
Jewellery
 g - an uncursed amulet of faith {unknown}
 n - an uncursed ring of flight
 y - a +3 ring of evasion (left hand)
 A - an amulet of the gourmand (around neck)
 D - a ring of protection from cold (right hand)
 F - an uncursed ring of wizardry
Wands
 u - a wand of iceblast (1)
 w - a wand of polymorph (2)
 E - a wand of flame (51)
 H - a wand of clouds (2)
Scrolls
 c - 2 scrolls of random uselessness {unknown}
 d - a scroll of blinking
 l - a scroll of fog {unknown}
 p - a scroll of immolation {unknown}
 x - 4 scrolls of remove curse
 z - a scroll of teleportation
Potions
 B - a potion of flight
 I - a potion of berserk rage
Comestibles
 f - 17 rations


   Skills:
 + Level 13.3 Fighting
 - Level 5.0 Maces & Flails
 - Level 0.8 Throwing
 - Level 2.1 Armour
 - Level 2.0 Dodging
 - Level 2.0 Spellcasting
 - Level 2.6 Translocations


You had 11 spell levels left.
You knew the following spells:

 Your Spells              Type           Power        Failure   Level  Hunger
a - Blink                 Tloc           N/A          10%         2    ##.....

Your spell library contained the following spells:

 Spells                   Type           Power        Failure   Level  Hunger
 Mephitic Cloud           Conj/Pois/Air  #.......     52%         3    ###....
 Venom Bolt               Conj/Pois      #.........   99%         5    ######.
 Olgreb's Toxic Radiance  Pois           #.......     91%         4    #####..
 Teleport Other           Tloc           ##......     21%         3    ###....
 Summon Ice Beast         Ice/Summ       #.......     91%         4    #####..
 Sting                    Conj/Pois      #...         21%         1    #......
 Call Canine Familiar     Summ           #.......     52%         3    ###....
 Summon Butterflies       Summ           #.......     21%         1    #......
 Passage of Golubria      Tloc           N/A          56%         4    #####..
 Summon Hydra             Summ           #.........   100%        7    #######
 Shroud of Golubria       Chrm/Tloc      #.........   17%         2    ##.....
 Summon Mana Viper        Hex/Summ       #.......     99%         5    ######.
 Gell's Gravitas          Tloc           ##........   21%         3    ###....
 Lesser Beckoning         Tloc           ##........   21%         3    ###....
 Poisonous Vapours        Pois/Air       #.....       30%         2    ##.....


Dungeon Overview and Level Annotations

Branches:
Dungeon (10/15)            Temple (1/1) D:7
   Lair: D:8-11         Orc: D:9-12

Annotations:
D:10 Erolcha, Psyche


Innate Abilities, Weirdness & Mutations

You have an increased reservoir of magic. (+10% MP)
You have sharp toenails.
You possess an exceptional clarity of mind.
You are dopey. (Int -2)
You passively map a small area around you.
Your muscles are strong. (Str +2)
You evolve.
Your spells are a little easier to cast, but a little less powerful.


Message History

The guardian serpent is engulfed in freezing vapours.
The guardian serpent hits you!
* * * LOW HITPOINT WARNING * * *
The quasit bites you.
* * * LOW HITPOINT WARNING * * *
The quasit claws you but does no damage.
The quasit barely misses you.
The guardian serpent is engulfed in freezing vapours.
The guardian serpent barely misses you.
Unknown command.
Unknown command.
You closely miss the guardian serpent.
The guardian serpent is moderately wounded.
* * * LOW HITPOINT WARNING * * *
You feel sick.
The quasit bites you but does no damage.
The quasit barely misses you. x2
The guardian serpent is engulfed in freezing vapours.
The guardian serpent hits you!!
You die...

. .# . . .# . .# . #
. #.#.#. . ... ...#.
... # #.. ..
..#.#.#..#######.##
# ..#. ##..§@#.....#
#. ..#.#§§S#5#..# ##
.##
#.#.§§§##.......#
..#..###..S##...#.X.
#### ... .. ##.##
#h.# . .#..#....#
#..# #... .
..S#....# . . ....#
#...#. # # ..# .. .
.#.# #...#......#. .
..# #...


You could see a guardian serpent, a raiju and a quasit.

Vanquished Creatures
  A two-headed ogre (D:9)
  A merfolk (D:9)
  A troll (D:9)
  Prince Ribbit (D:8)
  A hippogriff (D:9)
  A yak (D:8)
  Eustachio (D:6)
  A hungry ghost (D:7)
  2 water moccasins
  A sky beast (D:10)
  3 orc warriors
  A phantom (D:6)
  3 ogres
  A necrophage (D:7)
  3 ice beasts
  5 wolves (D:8)
  A tengu (D:8)
  2 centaurs
  5 bullfrogs
  A big kobold (D:8)
  A wyvern skeleton (D:10)
  A scorpion (D:8)
  A howler monkey (D:9)
  5 crimson imps
  A centaur zombie (D:7)
  4 jellies
  4 hounds
  2 orc priests
  14 orc wizards
  A bullfrog skeleton (D:4)
  2 centaur skeletons (D:10)
  5 iguanas
  11 worker ants
  2 hound skeletons
  A worker ant zombie (D:5)
  A howler monkey zombie (D:5)
  10 gnolls
  8 adders
  3 shadow imps
  2 oozes
  An adder skeleton (D:9)
  3 worms
  A dart slug (D:3)
  2 leopard geckos
  60 orcs
  7 bats
  2 giant cockroaches
  5 goblins
  14 hobgoblins
  9 jackals
  2 quokkas
  5 frilled lizards
  2 jackal zombies
  9 kobolds
  A leopard gecko skeleton (D:8)
  2 quokka skeletons
  5 rats
245 creatures vanquished.

Notes
Turn   | Place    | Note
-------+----------+-------------------------------------------
     0 | D:1      | 4thArraOfDagon the Demigod Warper began the quest for the Orb.
     0 | D:1      | Reached XP level 1. HP: 17/17 MP: 5/5
   133 | D:1      | Reached skill level 1 in Armour
   433 | D:1      | Reached XP level 2. HP: 7/24 MP: 7/7
   675 | D:2      | Found an iron altar of Okawaru.
   704 | D:2      | Reached skill level 2 in Fighting
   821 | D:2      | Reached XP level 3. HP: 13/29 MP: 8/8
   871 | D:2      | Learned a level 2 spell: Blink
  1167 | D:2      | Found a shattered altar of Ashenzari.
  1168 | D:2      | Found an opulent altar of Gozag.
  1341 | D:3      | Found a burning altar of Makhleb.
  1357 | D:3      | Reached XP level 4. HP: 21/37 MP: 9/9
  1599 | D:4      | Reached XP level 5. HP: 37/44 MP: 10/10
  1684 | D:4      | Reached skill level 3 in Fighting
  2111 | D:4      | Reached XP level 6. HP: 38/51 MP: 11/11
  2199 | D:5      | Entered Level 5 of the Dungeon
  2302 | D:5      | Reached skill level 5 in Maces & Flails
  2612 | D:5      | Reached skill level 4 in Fighting
  3085 | D:5      | Reached XP level 7. HP: 40/60 MP: 13/13
  3103 | D:5      | Reached skill level 5 in Fighting
  3261 | D:6      | Gained mutation: Your spells are a little easier to cast, but a little less powerful. [potion of mutation]
  3261 | D:6      | Gained mutation: You are dopey. (Int -2) [potion of mutation]
  3261 | D:6      | Gained mutation: You evolve. [potion of mutation]
  3261 | D:6      | Gained mutation: You possess an exceptional clarity of mind. [potion of mutation]
  3338 | D:6      | Reached skill level 6 in Fighting
  3387 | D:6      | Gained mutation: You passively map a small area around you. [evolution]
  3491 | D:6      | Noticed Eustachio
  3522 | D:6      | Killed Eustachio
  3612 | D:6      | Found a bloodstained altar of Trog.
  3716 | D:7      | Reached skill level 7 in Fighting
  3740 | D:7      | Reached XP level 8. HP: 66/73 MP: 14/14
  3862 | D:8      | Noticed Maurice
  3881 | D:8      | Noticed Prince Ribbit
  4040 | D:9      | Noticed a hippogriff
  4041 | D:9      | Noticed a troll
  4062 | D:9      | Killed a hippogriff
  4062 | D:9      | Reached skill level 8 in Fighting
  4084 | D:9      | Killed a troll
  4327 | D:9      | Found a blossoming altar of Fedhas.
  4359 | D:9      | Reached skill level 9 in Fighting
  4434 | D:9      | Gained mutation: You have sharp toenails. [evolution]
  4532 | D:10     | Entered Level 10 of the Dungeon
  4615 | D:9      | Noticed a two-headed ogre
  5085 | D:7      | Found a staircase to the Ecumenical Temple.
  5096 | Temple   | Entered the Ecumenical Temple
  5099 | Temple   | Gained mutation: Your muscles are strong. (Str +2) [evolution]
  5349 | Temple   | Reached skill level 10 in Fighting
  5473 | D:7      | Reached XP level 9. HP: 68/85 MP: 15/15
  6057 | D:7      | Reached skill level 11 in Fighting
  6603 | D:8      | Noticed Maurice
  6603 | D:8      | Maurice changed into Maurice the wolf
  6614 | D:8      | Killed Maurice the wolf
  6671 | D:8      | Killed Prince Ribbit
  6671 | D:8      | Reached skill level 12 in Fighting
  7071 | D:8      | Found a sparkling altar of Nemelex Xobeh.
  7073 | D:8      | Found a deep blue altar of Sif Muna.
  7343 | D:9      | Reached XP level 10. HP: 85/99 MP: 16/16
  7376 | D:9      | Noticed a two-headed ogre
  7466 | D:8      | Noticed Grum
  7473 | D:8      | Noticed Grum
  7473 | D:8      | Grum changed into Grum the acid dragon
  7474 | D:8      | Noticed Grum
  7474 | D:8      | Grum the acid dragon changed into Grum the bullfrog
  7478 | D:8      | Killed Grum the bullfrog
  7624 | D:9      | Killed a two-headed ogre
  7788 | D:9      | Reached skill level 13 in Fighting
  8129 | D:10     | Noticed a two-headed ogre
  8137 | D:10     | Noticed Psyche
  8156 | D:10     | Noticed a two-headed ogre
  8169 | D:10     | Noticed Erolcha
  8171 | D:10     | Cast into level 2 of the Abyss (Erolcha)
  8189 | Abyss:2  | Noticed a guardian serpent
  8194 | Abyss:2  | Noticed a wretched star
  8229 | Abyss:2  | Noticed a starcursed mass
  8230 | Abyss:2  | Noticed a spatial maelstrom
  8234 | Abyss:2  | HP: 4/101 [quasit (2)]
  8235 | Abyss:2  | Demolished by a guardian serpent

Vault maps used:
D:1:      lightli_arrival_isolated_outpost
D:2:      kennysheep_big_flooded_room, overflow_temple_1_default,
          gammafunk_temple_overflow_statue, lemuel_crystal_altar,
          chequers_ecumenical_altar_simple, first_ration
D:3:      makhleb_heckhound_becter
D:4:      uniq_sigmund
D:5:      tso_oasis_becter, nicolae_qazlal_eye_of_the_storm
D:6:      old_standard_altar, uniq_eustachio
D:7:      minmay_temple_entry_nine_rooms, minmay_misc_feat_iff
D:8:      minitemple, uniq_maurice, uniq_prince_ribbit1, uniq_grum
D:9:      fedhas_altar_2, hangedman_fish_farm
D:10:     cheibrodos_orc_bank, lair_entry_dummy, uniq_psyche, uniq_erolcha
Temple:   minmay_temple_curvy_loop

Skill      XL: |  1  2  3  4  5  6  7  8  9 10 |
---------------+-------------------------------+-----
Armour         | 1 2 |  2.1
Maces & Flails | 2 3 4 5 |  5.0
Fighting       | 2 3 4 7 10 12 13 | 13.3
Spellcasting   | 2 |  2.0
Dodging        | 2 |  2.0
Throwing       | |  0.8
Translocations | |  2.6

Action                   |  1- 3 |  4- 6 |  7- 9 | 10-12 || total
-------------------------+-------+-------+-------+-------++-------
Melee: Mace              |   164 |     4 |     2 |       ||   170
       Flail             |       |   281 |   545 |    69 ||   895
       Kick              |       |       |   110 |    25 ||   135
       Unarmed           |       |       |     1 |       ||     1
Evoke: Wand              |       |       |    24 |     7 ||    31
  Use: Scroll            |     4 |     2 |     7 |     3 ||    16
       Potion            |     2 |     2 |    10 |     4 ||    18
 Stab: Sleeping          |     1 |       |       |       ||     1
       Confused          |       |       |     1 |       ||     1
  Eat: Chunk             |     1 |     8 |    29 |     3 ||    41
Armor: Leather armour    |    37 |       |       |       ||    37
       Skin              |    19 |       |    25 |       ||    44
       Ring mail         |     3 |   100 |   206 |    37 ||   346
Dodge: Dodged            |    99 |   136 |   436 |    91 ||   762

Table legend:
 A = Spawn XP
 B = Non-spawn XP
 C = Spawn XP percentage of total XP
 D = Spawn monster count
 E = Non-spawn monster count
 F = Spawn count percentage of total count
 G = Total turns spent on level
                    A         B        C        D         E        F      G
               +---------+---------+-------+---------+---------+-------+---------
         Total |       0 |    8669 |   0.0 |       0 |     245 |   0.0 |  8235
               +---------+---------+-------+---------+---------+-------+---------
           D:1 |       0 |      20 |   0.0 |       0 |      13 |   0.0 |   675
           D:2 |       0 |      55 |   0.0 |       0 |      17 |   0.0 |   440
           D:3 |       0 |     133 |   0.0 |       0 |      20 |   0.0 |   467
           D:4 |       0 |     275 |   0.0 |       0 |      20 |   0.0 |   619
           D:5 |       0 |     448 |   0.0 |       0 |      34 |   0.0 |   981
           D:6 |       0 |     589 |   0.0 |       0 |      11 |   0.0 |   602
           D:7 |       0 |    1557 |   0.0 |       0 |      35 |   0.0 |   952
           D:8 |       0 |    2171 |   0.0 |       0 |      38 |   0.0 |  1399
           D:9 |       0 |    2497 |   0.0 |       0 |      27 |   0.0 |  1085
          D:10 |       0 |     658 |   0.0 |       0 |      23 |   0.0 |   389
        Temple |       0 |     266 |   0.0 |       0 |       7 |   0.0 |   562
               +---------+---------+-------+---------+---------+-------+---------
